Map: Frozen Temple

Players

Fropez

  • Race: Protoss Protoss
  • League: Silver
  • Spawn Location: 11:00

Stunninshoes - Winner!

  • Race: Protoss Protoss
  • League: Silver
  • Spawn Location: 5:00

VOD

Have the link to the VOD?

Description

Time

  • Played on: April 11, 2016, 3:49 p.m.
  • Length: 8:35
Show
View Real Time Build Order
Export as new Build Order

Fropez Protoss 

Build Orders:  

Get SALT Encoding   

  12  0:03  Probe (Chrono Boost)  
  13  0:18  Pylon  
  14  0:21  Probe (Chrono Boost)  
  14  0:37  Gateway  
  14  0:43  Pylon  
  14  0:48  Probe (Chrono Boost)  
  15  0:54  Pylon  
  15  0:58  Probe (Chrono Boost)  
  16  1:12  Probe (Chrono Boost)  
  17  1:23  Assimilator  
  17  1:26  Cybernetics Core  
  17  1:30  Assimilator  
  17  1:31  Probe (Chrono Boost)  
  18  1:35  Zealot  
  20  1:43  Probe (Chrono Boost)  
  21  1:51  Pylon  
  21  1:53  Probe (Chrono Boost)  
  22  2:02  Zealot, Warp Gate (Chrono Boost)  
  22  2:05  Probe  
  25  2:17  Probe  
  28  2:30  Mothership Core  
  28  2:32  Zealot  
  30  2:44  Gateway  
  30  2:51  Probe  
  31  2:59  Stalker  
  31  3:03  Probe  
  34  3:15  Probe  
  35  3:24  Gateway  
  35  3:25  Pylon  
  35  3:27  Probe  
  35  3:29  Stalker  
  38  3:39  Probe  
  39  3:42  Stalker  
  39  3:55  Probe  
  38  4:07  Probe  
  38  4:09  Nexus  
  39  4:16  Pylon  
  39  4:22  Pylon  
  39  4:27  Probe  
  40  4:39  Probe  
  41  4:51  Probe  
  42  4:53  Stalker x2  
  46  5:02  Twilight Council  
  46  5:04  Probe  
  42  5:14  Pylon  
  42  5:16  Probe  
  38  5:25  Probe  
  38  5:28  Probe  
  38  5:35  Probe  
  38  5:36  Pylon  
  38  5:38  Blink  
  38  5:40  Probe  
  40  5:46  Robotics Facility  
  40  5:47  Probe  
  40  5:49  Pylon  
  41  5:54  Zealot  
  43  6:10  Probe x2  
  43  6:21  Probe  
  43  6:23  Probe  
  38  6:42  Stalker  
  38  6:43  Stalker x2  
  38  6:44  Probe  
  38  6:45  Probe  
  46  6:47  Observer  
  47  6:55  Probe  
  47  6:57  Probe  
  49  7:01  Forge  
  49  7:03  Pylon  
  49  7:05  Probe  
  50  7:09  Probe  
  50  7:14  Pylon  
  51  7:16  Probe  
  51  7:21  Probe (Chrono Boost)  
  53  7:28  Probe (Chrono Boost)  
  54  7:33  Probe (Chrono Boost)  
  55  7:38  Photon Cannon  
  55  7:39  Probe (Chrono Boost)  
  48  8:04  Zealot x3  
Show
View Real Time Build Order
Export as new Build Order

Stunninshoes Protoss - Winner!

Build Orders: Oracle Opening 

Get SALT Encoding   

  12  0:01  Probe (Chrono Boost)  
  13  0:13  Pylon  
  13  0:18  Probe (Chrono Boost)  
  14  0:28  Probe (Chrono Boost)  
  15  0:36  Gateway  
  15  0:40  Probe (Chrono Boost)  
  16  0:45  Assimilator  
  16  0:50  Probe (Chrono Boost)  
  17  0:59  Gateway  
  17  1:02  Probe (Chrono Boost)  
  18  1:18  Pylon, Probe (Chrono Boost)  
  19  1:21  Pylon  
  19  1:28  Probe (Chrono Boost)  
  19  1:31  Assimilator  
  20  1:39  Probe (Chrono Boost)  
  21  1:41  Cybernetics Core  
  21  2:06  Probe (Chrono Boost)  
  22  2:16  Probe (Chrono Boost)  
  22  2:18  Warp Gate (Chrono Boost)  
  23  2:27  Adept, Nexus  
  25  2:32  Pylon  
  25  2:38  Adept  
  29  2:44  Mothership Core  
  29  3:02  Stargate  
  29  3:05  Pylon  
  29  3:17  Adept x2  
  32  3:28  Robotics Facility  
  32  3:30  Probe  
  33  3:37  Probe  
  34  3:51  Probe  
  34  3:52  Probe  
  36  3:55  Oracle  
  36  4:01  Probe  
  39  4:04  Probe  
  39  4:06  Assimilator  
  41  4:10  Pylon  
  41  4:16  Observer  
  42  4:21  Probe  
  42  4:23  Probe  
  44  4:26  Assimilator  
  44  4:29  Pylon  
  44  4:32  Probe  
  44  4:33  Forge  
  44  4:35  Probe  
  50  4:54  Oracle (Chrono Boost)  
  50  4:58  Immortal  
  50  5:39  Immortal (Chrono Boost)  
  50  5:41  Probe  
  54  5:45  Probe  
  56  5:52  Probe  
  56  5:56  Protoss Air Weapons Level 1  
  57  5:57  Void Ray, Probe  
  57  6:03  Probe, Robotics Facility  
  62  6:05  Stargate  
  62  6:07  Pylon  
  62  6:08  Pylon  
  62  6:09  Probe  
  64  6:16  Immortal (Chrono Boost)  
  68  6:39  Probe  
  65  6:40  Probe  
  67  6:47  Fleet Beacon  
  67  6:49  Photon Cannon  
  67  6:50  Probe  
  67  6:52  Photon Cannon  
  67  6:53  Probe  
  69  6:56  Photon Cannon  
  69  7:04  Sentry  
  69  7:05  Sentry  
  73  7:22  Void Ray (Chrono Boost)  
  77  7:23  Void Ray (Chrono Boost)  
Tags
 
Matchup
PvP
Replay Pack
All Mines
Spawn Locations
Cross Positions
Add a new tag
Caveats
  • Supply blocks, unpowered buildings, or Contaminate may cause inaccurate times.
  • Supply counts are checked every 10 seconds.